[Event "December 12 Late 2023"]
[Site "https://www.chess.com"]
[Date "2023.12.12"]
[Round "2"]
[White "Olenik Campa, Rudi"]
[Black "Drygalov, Sergey"]
[Result "0-1"]
[Board "15"]
[TimeControl "180+1"]
[WhiteFideId "14633264"]
[BlackFideId "24171743"]
[WhiteElo "2600"]
[BlackElo "3003"]
[WhiteTeam "SLO"]
[BlackTeam "RUS"]
[WhiteClock "0:00:02"]
[BlackClock "0:00:32"]

1. e4 c5 2. Nf3 d6 3. d4 cxd4 4. Nxd4 Nf6 5. f3 e5 6. Nb3 d5 7. Bg5 d4 8. c3 Nc6 9. Bb5 h6 10. Bh4 Be6 11. O-O Qb6 12. Bxc6+ bxc6 13. Bf2 c5 14. Na3 Be7 15. Rc1 O-O 16. cxd4 cxd4 17. Nc4 Qb5 18. Nbd2 Rfc8 19. b3 Nd7 20. Qe2 Bb4 21. Rfd1 a5 22. a4 Qb7 23. f4 Bxd2 24. Nxd2 f6 25. fxe5 fxe5 26. Qd3 Nc5 27. Qg3 Nxb3 28. Rb1 Qf7 29. Qxe5 Rc5 30. Qd6 Rc2 31. Nf3 Rf8 32. Bxd4 Rxg2+ 33. Kxg2 Qxf3+ 34. Kg1 Rf4 35. Be5 Qe3+ 36. Kh1 Qxe4+ 37. Kg1 Qg6+ 38. Kh1 Rf2 39. Bg3 Qe4+ 0-1

[Event "December 12 Late 2023"]
[Site "https://www.chess.com"]
[Date "2023.12.12"]
[Round "2"]
[White "Hakobyan, Aram"]
[Black "Grinev, Valeriy"]
[Result "1-0"]
[Board "16"]
[TimeControl "180+1"]
[WhiteFideId "13306677"]
[BlackFideId "14117517"]
[WhiteElo "3000"]
[BlackElo "2597"]
[WhiteTeam "ARM"]
[BlackTeam "UKR"]
[WhiteClock "0:00:07"]
[BlackClock "0:00:06"]

1. d4 d5 2. c4 e6 3. Nc3 a6 4. cxd5 exd5 5. Nf3 Nf6 6. Bg5 Be6 7. Qb3 Ra7 8. e4 dxe4 9. d5 Bxd5 10. Nxd5 Qxd5 11. Bc4 Qd7 12. Ne5 Qf5 13. Bxf7+ Kd8 14. Rd1+ Bd6 15. Be3 Qxe5 16. Bxa7 Qa5+ 17. Ke2 Nbd7 18. Qxb7 Ke7 19. Bb3 Nc5 20. Bxc5 Qxc5 21. Rxd6 Qxd6 22. Rc1 Qd3+ 23. Ke1 Rd8 24. Rxc7+ Rd7 25. Qb4+ Kd8 26. Rc1 Rd6 27. Qa5+ Ke7 28. Rc7+ Rd7 29. Qc5+ Qd6 30. Rxd7+ Kxd7 31. Qa7+ Kd8 32. Qxg7 Qd4 33. Qf8+ Kc7 34. Qe7+ Kb6 35. a3 h5 36. Qb4+ Qxb4+ 37. axb4 Ng4 38. Bc2 Ne5 39. Bxe4 Kb5 40. f4 Kxb4 41. Bf3 Nd3+ 42. Ke2 Nxb2 43. f5 a5 44. f6 Na4 45. f7 Nc3+ 46. Kf1 a4 47. f8=Q+ Kb3 48. Bxh5 a3 49. Bf7+ Kb2 50. Qb4+ Kc2 51. Qxa3 Nb1 52. Bg6+ Kd2 53. Bxb1 1-0

[Event "December 12 Late 2023"]
[Site "https://www.chess.com"]
[Date "2023.12.12"]
[Round "2"]
[White "Kavyev, Ruslan"]
[Black "Bortnyk, Olexandr"]
[Result "0-1"]
[Board "17"]
[TimeControl "180+1"]
[WhiteFideId "34110981"]
[BlackFideId "14120828"]
[WhiteElo "2591"]
[BlackElo "2989"]
[WhiteTeam "RUS"]
[BlackTeam "UKR"]
[WhiteClock "0:00:00"]
[BlackClock "0:00:05"]

1. d4 d6 2. e4 Nf6 3. Nc3 Nbd7 4. Nf3 e5 5. Bc4 Be7 6. O-O c6 7. a4 Qc7 8. Qe2 h6 9. Rd1 Nf8 10. Ba2 Bg4 11. h3 Bh5 12. Qe3 Ne6 13. d5 Nd4 14. g4 Nxc2 15. Qe2 Nxa1 16. gxh5 cxd5 17. exd5 Qd7 18. Kg2 Qf5 19. Bd2 Nc2 20. Bb1 Nxh5 21. Bc1 Nf4+ 22. Bxf4 Qxf4 23. Qb5+ Kf8 24. Bxc2 g5 25. Ne2 Qf6 26. Qxb7 Re8 27. Ng3 h5 28. Qd7 a5 29. Qf5 Rb8 30. b3 Qxf5 31. Nxf5 g4 32. hxg4 hxg4 33. Nh2 Rb4 34. Re1 Rh3 35. Ng3 Rh4 36. Re4 Rxe4 37. Bxe4 Bg5 38. Nf5 Rh3 39. Ng3 Rh4 40. Bf5 Bf4 41. Nxg4 Bxg3 42. fxg3 Rh5 43. Ne3 Ke7 44. g4 Rh8 45. Nc4 Ra8 46. Kf3 Ra6 47. Ke4 Ra8 48. Kd3 Ra6 49. Kc3 Ra8 50. Bd3 Ra7 51. Kd2 Ra8 52. Ke3 Ra7 53. Na3 Rb7 54. Bc4 Rb8 55. Nb5 Rg8 56. Kf3 Rh8 57. Na7 Rh3+ 58. Ke4 Rg3 59. Kf5 Rf3+ 60. Kg5 e4 61. Nc6+ Kd7 62. Nxa5 e3 63. Nc6 f6+ 64. Kg6 Rf4 65. a5 Rxc4 66. bxc4 e2 67. a6 e1=Q 68. a7 Qe4+ 69. Kxf6 Qf4+ 70. Kg6 Qxg4+ 71. Kf6 Qf4+ 72. Kg6 Qe4+ 73. Kf6 Qf3+ 74. Kg6 Qd3+ 75. Kf6 Qc3+ 76. Kf7 Qa1 77. Kf8 Kc7 78. Ke7 Qe1+ 79. Kf7 Kb7 80. Kf6 Qe4 81. Kf7 Ka8 82. Kf6 Qxc4 83. Ke6 Qc5 84. Ne7 Kxa7 85. Nf5 Kb6 86. Nxd6 Qe3+ 87. Kd7 Qh3+ 88. Ke7 Kc5 89. Nf7 Kxd5 0-1

[Event "December 12 Late 2023"]
[Site "https://www.chess.com"]
[Date "2023.12.12"]
[Round "2"]
[White "Salem, A.R. Saleh"]
[Black "Ballester Llagaria, Luis Eduardo"]
[Result "1-0"]
[Board "18"]
[TimeControl "180+1"]
[WhiteFideId "9301348"]
[BlackFideId "2297620"]
[WhiteElo "2987"]
[BlackElo "2586"]
[WhiteTeam "UAE"]
[BlackTeam "ESP"]
[WhiteClock "0:00:18"]
[BlackClock "0:00:11"]

1. d4 d5 2. c4 dxc4 3. Nf3 Nf6 4. e3 a6 5. a4 e6 6. Bxc4 c5 7. O-O b6 8. Qe2 Bb7 9. Rd1 Nbd7 10. Nc3 Qc7 11. d5 exd5 12. Nxd5 Nxd5 13. Bxd5 Bxd5 14. Rxd5 Be7 15. e4 Qb7 16. Bg5 f6 17. Bf4 O-O 18. Rad1 Rfd8 19. h4 b5 20. h5 Nb6 21. Rxd8+ Rxd8 22. Rxd8+ Bxd8 23. axb5 axb5 24. Qxb5 Qxe4 25. Be3 Nd5 26. Bxc5 Qb1+ 27. Kh2 Bc7+ 28. g3 Qe4 29. Kg2 g5 30. hxg6 hxg6 31. Qb3 g5 32. Kg1 Kg7 33. Nd4 g4 34. Qc2 Qe1+ 35. Kg2 Bxg3 36. Nf5+ Kg8 37. fxg3 Qe5 38. Bf2 Kf7 39. Kg1 Nb4 40. Qc4+ Kg6 41. Qxg4+ Kf7 42. Nh6+ Ke7 43. Qxb4+ 1-0

[Event "December 12 Late 2023"]
[Site "https://www.chess.com"]
[Date "2023.12.12"]
[Round "2"]
[White "Mendez Fortes, Eduardo Jesus"]
[Black "Svane, Frederik"]
[Result "1-0"]
[Board "19"]
[TimeControl "180+1"]
[WhiteFideId "3502376"]
[BlackFideId "12923044"]
[WhiteElo "2584"]
[BlackElo "2981"]
[WhiteTeam "CUB"]
[BlackTeam "GER"]
[WhiteClock "0:00:07"]
[BlackClock "0:00:06"]

1. e4 e6 2. d4 d5 3. Nd2 c5 4. exd5 Qxd5 5. Ngf3 cxd4 6. Bc4 Qd7 7. O-O Nc6 8. Nb3 a6 9. Nbxd4 Nxd4 10. Nxd4 Qc7 11. Qe2 Bd6 12. Re1 Ne7 13. h3 O-O 14. c3 e5 15. Nf3 Ng6 16. Qe4 Kh8 17. Ng5 Bf5 18. Qxf5 Qxc4 19. Re4 Qc7 20. Re1 Rae8 21. Be3 f6 22. Ne4 Qc6 23. Nxd6 Qxd6 24. Rad1 Qc6 25. Qd7 Qc4 26. a3 b5 27. Rd6 f5 28. Rc6 Qb3 29. Bc5 Rd8 30. Qb7 Rg8 31. Rxa6 Qxb2 32. Bb4 e4 33. Ra7 Nf4 34. Bc5 Ne6 35. Be7 Rb8 36. Qd7 Qxc3 37. Rd1 Qc8 38. Qd5 Nf4 39. Qe5 Ng6 40. Qa1 Nxe7 41. Rxe7 Rb7 42. Re5 h6 43. Red5 Kh7 44. Rd6 Rf8 45. Qe5 Rbf7 46. Qd5 Qc3 47. Qxb5 Qxa3 48. Qe5 Qa7 49. Qe6 Qe7 50. Qg6+ Kg8 51. Qg3 Rf6 52. Rd7 f4 53. Qg4 h5 54. Qg5 Qxd7 55. Rxd7 R8f7 56. Rxf7 Kxf7 57. Qxh5+ Ke6 58. Qg4+ Ke5 59. Qxg7 e3 60. fxe3 fxe3 61. Qxf6+ Kxf6 62. Kf1 Ke5 63. Ke2 Kf4 64. g4 Ke4 65. h4 Kf4 66. g5 1-0

[Event "December 12 Late 2023"]
[Site "https://www.chess.com"]
[Date "2023.12.12"]
[Round "2"]
[White "Smirnov, Anton"]
[Black "Laddha, Shubh Jayesh"]
[Result "1-0"]
[Board "20"]
[TimeControl "180+1"]
[WhiteFideId "3208923"]
[BlackFideId "30942799"]
[WhiteElo "2974"]
[BlackElo "2580"]
[WhiteTeam "AUS"]
[BlackTeam "USA"]
[WhiteClock "0:00:39"]
[BlackClock "0:00:00"]

1. e4 c5 2. Nf3 d6 3. d4 cxd4 4. Nxd4 Nf6 5. Nc3 g6 6. Be3 Bg7 7. Bc4 Nc6 8. f3 O-O 9. Qd2 Bd7 10. Bb3 Rc8 11. h4 h5 12. O-O-O Nxd4 13. Bxd4 b5 14. e5 dxe5 15. Bxe5 Bc6 16. Qe3 Qa5 17. Ne2 b4 18. Nf4 Kh7 19. Rhe1 Ba4 20. Kb1 Bxb3 21. Qxb3 Rcd8 22. Rxd8 Rxd8 23. Bxf6 exf6 24. Qxf7 Qe5 25. Qxg6+ Kg8 26. Qe4 Qd6 27. Nd3 Qg3 28. Qxb4 Qxg2 29. Qe4 Qg3 30. a3 Rb8 31. Qd5+ Kf8 32. Re4 f5 33. Qxf5+ Kg8 34. Qd5+ Kh8 35. Qxh5+ Kg8 36. Qd5+ Kh8 37. Rg4 Qh3 38. Rxg7 Qh1+ 39. Ka2 Kxg7 40. Qe5+ Kh7 41. Qc7+ Kh6 42. Qxb8 a5 43. Qh8+ Kg6 44. h5+ Kf7 45. Qh7+ Ke8 46. Qg6+ Kd7 47. Qg7+ Kd6 48. h6 a4 49. h7 Qxf3 50. Qe5+ Kc6 51. Nb4+ Kb7 52. Qd5+ Qxd5+ 53. Nxd5 Ka6 54. h8=Q Ka7 55. Qg7+ Ka6 56. Qf6+ Kb5 57. Qb6+ 1-0

[Event "December 12 Late 2023"]
[Site "https://www.chess.com"]
[Date "2023.12.12"]
[Round "2"]
[White "Yandarbiev, Ruslan"]
[Black "Zhigalko, Sergei"]
[Result "0-1"]
[Board "21"]
[TimeControl "180+1"]
[WhiteFideId "4115023"]
[BlackFideId "13502956"]
[WhiteElo "2577"]
[BlackElo "2972"]
[WhiteTeam "RUS"]
[BlackTeam "BLR"]
[WhiteClock "0:00:02"]
[BlackClock "0:00:30"]

1. c4 e5 2. g3 Nf6 3. Bg2 c6 4. d4 exd4 5. Qxd4 Na6 6. Nc3 Bc5 7. Qe5+ Be7 8. Nf3 O-O 9. O-O Re8 10. Rd1 Nc5 11. Bg5 d6 12. Qd4 Ne6 13. Qd2 Nxg5 14. Nxg5 Bf5 15. Nge4 Nxe4 16. Bxe4 Be6 17. Qd3 g6 18. Rac1 Qa5 19. b3 Bf6 20. Qf3 Be5 21. Bb1 Rad8 22. h4 h5 23. Ne4 Bg4 24. Nf6+ Bxf6 25. Qxf6 Re6 26. Qf4 Bxe2 27. Re1 Rde8 28. Qh6 Qc5 29. Bc2 a5 30. Kg2 Bf3+ 31. Kf1 Rxe1+ 32. Rxe1 Bg2+ 33. Kxg2 Rxe1 34. Bxg6 fxg6 35. Qxg6+ Kf8 36. Qf6+ Ke8 37. Qh8+ Kd7 38. Qh7+ Re7 39. Qxh5 Qxh5 0-1

[Event "December 12 Late 2023"]
[Site "https://www.chess.com"]
[Date "2023.12.12"]
[Round "2"]
[White "Khismatullin, Denis"]
[Black "Assylov, Miras"]
[Result "1-0"]
[Board "22"]
[TimeControl "180+1"]
[WhiteFideId "4142578"]
[BlackFideId "13728873"]
[WhiteElo "2962"]
[BlackElo "2576"]
[WhiteTeam "RUS"]
[BlackTeam "KAZ"]
[WhiteClock "0:00:13"]
[BlackClock "0:00:03"]

1. e4 c5 2. Nf3 e6 3. c3 Nf6 4. e5 Nd5 5. Bc4 d6 6. d4 cxd4 7. cxd4 Be7 8. O-O O-O 9. Re1 Bd7 10. exd6 Bxd6 11. Nc3 Nxc3 12. bxc3 Bc6 13. Ne5 Qc7 14. Bf1 Nd7 15. Nxc6 Qxc6 16. c4 Nf6 17. g3 Rfd8 18. Qb3 Rac8 19. Bb2 b6 20. Rad1 Bf8 21. a4 Qd6 22. Bc3 h5 23. a5 h4 24. axb6 axb6 25. Rb1 hxg3 26. hxg3 Nd7 27. Red1 Ra8 28. Qc2 Qc7 29. Qe4 Ra3 30. Bb2 Rb3 31. d5 exd5 32. Qxd5 Be7 33. Qf5 Nc5 34. Be5 Qc8 35. Qxc8 Rxc8 36. Rxb3 Nxb3 37. Rd7 Bf6 38. Bxf6 gxf6 39. Bg2 Rxc4 40. Bd5 Rd4 41. Bxf7+ Kf8 42. Rc7 Nc5 43. Bh5 Rd7 44. Rc6 Ke7 45. Rxb6 Rc7 46. Rb1 Nd3 47. Kg2 Rc2 48. Rf1 Rd2 49. Bf3 Ne5 50. Be4 Kf7 51. Bf5 Rd5 52. Re1 Rc5 53. Be4 Ke6 54. Re2 Kf7 55. f4 Nc4 56. Bd3 Nd6 57. Kh3 Nf5 58. Be4 Nd6 59. Bf3 Nf5 60. Bh5+ Kg7 61. Bg4 Nh6 62. Be6 Rc7 63. g4 Re7 64. Kg3 Nf7 65. Kf3 Nd8 66. Bd5 Rxe2 67. Kxe2 Kf8 68. Kd3 Ke8 69. Ke4 Ke7 70. Kf5 Nf7 71. Bxf7 Kxf7 72. Ke4 Kg6 73. Kd5 Kf7 74. Kd6 Kg7 75. Ke6 Kg6 76. Ke7 f5 77. g5 Kh5 78. Kf6 Kg4 79. g6 Kxf4 80. g7 Ke4 81. g8=Q f4 82. Qc4+ Ke3 83. Kf5 f3 84. Qc3+ Ke2 85. Ke4 f2 86. Qc2+ Ke1 87. Ke3 f1=N+ 88. Kd3 Ng3 89. Qg2 Nf1 90. Qe2# 1-0

[Event "December 12 Late 2023"]
[Site "https://www.chess.com"]
[Date "2023.12.12"]
[Round "2"]
[White "Hajiyev, Kanan"]
[Black "Bok, Benjamin"]
[Result "0-1"]
[Board "23"]
[TimeControl "180+1"]
[WhiteFideId "13404148"]
[BlackFideId "1017063"]
[WhiteElo "2573"]
[BlackElo "2943"]
[WhiteTeam "AZE"]
[BlackTeam "NED"]
[WhiteClock "0:00:00"]
[BlackClock "0:00:43"]

1. d4 Nf6 2. Nf3 e6 3. c4 b6 4. Nc3 Bb7 5. g3 Bb4 6. Bg2 Bxc3+ 7. bxc3 d6 8. O-O O-O 9. a4 Nc6 10. Nd2 Qc8 11. Re1 Na5 12. e4 c5 13. e5 dxe5 14. dxe5 Nd7 15. Bxb7 Qxb7 16. Qg4 Rfd8 17. Rb1 Qc6 18. Ne4 Nxe5 19. Nf6+ Kh8 20. Rxe5 gxf6 21. Rh5 f5 22. Qe2 f6 23. Rxh7+ Kxh7 24. Qh5+ Kg8 25. Qg6+ Kf8 26. Bh6+ Ke7 27. Qg7+ Ke8 28. Qf8+ Kd7 29. Rd1+ Kc7 30. Qe7+ Rd7 31. Rxd7+ Qxd7 32. Qxf6 Nxc4 33. Bf4+ e5 34. h4 exf4 0-1

[Event "December 12 Late 2023"]
[Site "https://www.chess.com"]
[Date "2023.12.12"]
[Round "2"]
[White "Sivakumar, Shaaketh"]
[Black "Jacobson, Brandon"]
[Result "1-0"]
[Board "24"]
[TimeControl "180+1"]
[WhiteFideId "30940176"]
[BlackFideId "30901561"]
[WhiteElo "2569"]
[BlackElo "2919"]
[WhiteTeam "USA"]
[BlackTeam "USA"]
[WhiteClock "0:01:19"]
[BlackClock "0:00:57"]

1. c4 g6 2. Nf3 Bg7 3. g3 b6 4. Bg2 Bb7 5. O-O Nf6 6. d4 O-O 7. Nc3 Ne4 8. Qc2 Nxc3 9. Qxc3 c5 10. e3 d5 11. Rd1 Nc6 12. cxd5 Qxd5 13. Ne5 Qd6 14. Qc2 Bxe5 15. dxe5 Qxe5 16. Bd2 Rad8 17. Bc3 Qe6 18. Qa4 a6 19. Qf4 Rd7 20. Qh6 f6 21. Bh3 Rxd1+ 22. Rxd1 Qe4 23. Bg2 Qg4 24. Bd5+ e6 25. f3 Qf5 26. e4 Qxf3 27. Bxe6+ Rf7 28. Bxf7+ Kxf7 29. Qxh7+ Kf8 30. Qh8+ Ke7 31. Qg7+ Ke8 32. Qh8+ Ke7 33. Bxf6+ Kf7 34. Rd7+ Ke6 35. Qe8+ Kxf6 36. Rf7+ Kg5 37. Rxf3 Nd4 38. Qe7+ 1-0

[Event "December 12 Late 2023"]
[Site "https://www.chess.com"]
[Date "2023.12.12"]
[Round "2"]
[White "Durarbayli, Vasif"]
[Black "Janaszak, Dawid"]
[Result "0-1"]
[Board "25"]
[TimeControl "180+1"]
[WhiteFideId "13402935"]
[BlackFideId "1119206"]
[WhiteElo "2919"]
[BlackElo "2567"]
[WhiteTeam "AZE"]
[BlackTeam "POL"]
[WhiteClock "0:00:00"]
[BlackClock "0:00:31"]

1. e4 c5 2. Nf3 Nc6 3. d4 cxd4 4. Nxd4 g6 5. Nc3 Bg7 6. Be3 Nf6 7. Be2 O-O 8. Nb3 d6 9. f4 b6 10. g4 Bb7 11. h4 Na5 12. Nxa5 bxa5 13. Bf3 Rc8 14. Qd3 Nd7 15. h5 Nc5 16. Bxc5 Rxc5 17. Na4 Rc6 18. hxg6 Ba6 19. Qd5 Rxc2 20. Rxh7 e6 21. gxf7+ Rxf7 22. Rxg7+ Kxg7 23. Qd4+ e5 24. Qg1 Qh4+ 25. Kd1 Qf2 26. Qxf2 Rxf2 0-1

[Event "December 12 Late 2023"]
[Site "https://www.chess.com"]
[Date "2023.12.12"]
[Round "2"]
[White "Espinoza Villanueva, Rodrigo"]
[Black "Cordova, Emilio"]
[Result "0-1"]
[Board "26"]
[TimeControl "180+1"]
[WhiteFideId "5140188"]
[BlackFideId "3801497"]
[WhiteElo "2566"]
[BlackElo "2918"]
[WhiteTeam "MEX"]
[BlackTeam "PER"]
[WhiteClock "0:01:51"]
[BlackClock "0:02:35"]

1. d4 e6 2. c4 b6 3. Nf3 Bb7 4. e3 Bb4+ 5. Nbd2 f5 6. a3 Bxd2+ 7. Bxd2 Nf6 8. Bd3 O-O 9. O-O d6 10. Bc3 Nbd7 11. b4 Qe8 12. Bc2 Ne4 13. Bb2 Qg6 14. d5 Rae8 15. dxe6 Rxe6 16. c5 Nd2 17. Qxd2 Bxf3 18. g3 Qh5 19. Bd1 Qxh2+ 20. Kxh2 Rh6+ 21. Kg1 Rh1# 0-1

[Event "December 12 Late 2023"]
[Site "https://www.chess.com"]
[Date "2023.12.12"]
[Round "2"]
[White "Sjugirov, Sanan"]
[Black "Filgueira, Hernan"]
[Result "1-0"]
[Board "27"]
[TimeControl "180+1"]
[WhiteFideId "4189302"]
[BlackFideId "101770"]
[WhiteElo "2917"]
[BlackElo "2563"]
[WhiteTeam "HUN"]
[BlackTeam "ARG"]
[WhiteClock "0:00:06"]
[BlackClock "0:00:00"]

1. e4 d5 2. exd5 Qxd5 3. Nc3 Qa5 4. d4 Nf6 5. Nf3 Bf5 6. Bd2 c6 7. Bc4 e6 8. Nd5 Qd8 9. Nxf6+ gxf6 10. Bb3 a5 11. a4 Bg7 12. Qe2 O-O 13. c3 Qb6 14. Bc4 Qxb2 15. O-O Qb6 16. Nh4 Bg6 17. Bf4 Nd7 18. Bd6 Rfe8 19. Nxg6 hxg6 20. Rab1 Qa7 21. h4 f5 22. h5 gxh5 23. Qxh5 Nf6 24. Qh4 Ne4 25. Be5 f6 26. Bh2 Nxc3 27. Rb3 Ne4 28. Rd1 Re7 29. Qh5 b5 30. axb5 cxb5 31. Bxb5 Rc8 32. Bf4 a4 33. Ra3 Nc3 34. Rc1 Ree8 35. Bxe8 Ne2+ 36. Qxe2 Rxc1+ 37. Bxc1 Qe7 38. Bb5 Qe8 39. Bxe8 1-0

[Event "December 12 Late 2023"]
[Site "https://www.chess.com"]
[Date "2023.12.12"]
[Round "2"]
[White "Santos Flores, Alberto"]
[Black "Chigaev, Maksim"]
[Result "0-1"]
[Board "28"]
[TimeControl "180+1"]
[WhiteFideId "3601234"]
[BlackFideId "4108116"]
[WhiteElo "2563"]
[BlackElo "2912"]
[WhiteTeam "ECU"]
[BlackTeam "ESP"]
[WhiteClock "0:01:13"]
[BlackClock "0:01:42"]

1. e4 c5 2. Nf3 d6 3. Bb5+ Bd7 4. Bxd7+ Qxd7 5. c4 e5 6. Nc3 Nc6 7. d3 Be7 8. O-O Bd8 9. Nd5 Nge7 10. Nxe7 Bxe7 11. Be3 O-O 12. Nd2 g6 13. f4 exf4 14. Bxf4 Bf6 15. Bh6 Bxb2 16. Bxf8 Bxa1 17. Qxa1 Rxf8 18. Nf3 Qe7 19. Qb2 b6 20. h3 Rd8 21. Qd2 Ne5 22. Qf4 Nxd3 23. Qh6 f6 24. Nh4 Ne5 25. Qf4 Nxc4 26. Qxf6 Qxf6 27. Rxf6 Re8 28. Rf4 Nd2 0-1

[Event "December 12 Late 2023"]
[Site "https://www.chess.com"]
[Date "2023.12.12"]
[Round "2"]
[White "Rasulov, Vugar"]
[Black "Kashefi, Amir Hosein"]
[Result "1-0"]
[Board "29"]
[TimeControl "180+1"]
[WhiteFideId "13402390"]
[BlackFideId "12557935"]
[WhiteElo "2902"]
[BlackElo "2560"]
[WhiteTeam "AZE"]
[BlackTeam "IRI"]
[WhiteClock "0:00:17"]
[BlackClock "0:00:00"]

1. e4 c6 2. Nf3 d5 3. exd5 cxd5 4. Ne5 Nf6 5. d4 g6 6. Bb5+ Nbd7 7. c4 dxc4 8. O-O Bg7 9. Bxc4 O-O 10. Qe2 Nb6 11. Bb3 Nbd5 12. Nc3 Be6 13. Bg5 Rc8 14. Rac1 Nxc3 15. bxc3 Bxb3 16. axb3 a6 17. Rfd1 Qc7 18. c4 Rfd8 19. Nf3 Qa5 20. Qxe7 Rd7 21. Qe2 Re8 22. Qd2 Qa3 23. Bxf6 Bxf6 24. Qc2 Kg7 25. d5 Rc8 26. g3 b5 27. Kg2 bxc4 28. bxc4 Qc5 29. Qa4 Rd6 30. h4 h6 31. Nd2 Qd4 32. Nf3 Qc5 33. Rd3 Rc7 34. Nd2 Re7 35. Qd1 Bb2 36. Rc2 Be5 37. Ne4 Qc7 38. Nxd6 Bxd6 39. c5 Bxc5 40. Rdc3 Qe5 41. Rxc5 Rd7 42. Qf3 Qf6 43. Qxf6+ Kxf6 44. Rc6+ Ke5 45. Rxa6 Rxd5 46. Re2+ Kf5 47. Ra7 f6 48. Rae7 g5 49. h5 g4 50. R2e4 1-0

[Event "December 12 Late 2023"]
[Site "https://www.chess.com"]
[Date "2023.12.12"]
[Round "2"]
[White "Ashraf, Artin"]
[Black "Miranda, Rafael"]
[Result "1-0"]
[Board "30"]
[TimeControl "180+1"]
[WhiteFideId "22514805"]
[BlackFideId "130990"]
[WhiteElo "2901"]
[BlackElo "2555"]
[WhiteTeam "IRI"]
[BlackTeam "ARG"]
[WhiteClock "0:00:14"]
[BlackClock "0:00:32"]

1. d4 Nf6 2. Nc3 d5 3. Bf4 c5 4. e4 Nxe4 5. Nxe4 dxe4 6. dxc5 Nd7 7. b4 e5 8. Be3 Be7 9. Ne2 O-O 10. Nc3 f5 11. Bc4+ Kh8 12. O-O a5 13. a3 axb4 14. axb4 Rxa1 15. Qxa1 f4 16. Bc1 f3 17. Nxe4 fxg2 18. Rd1 Qe8 19. Be3 Qg6 20. Bd3 Qh5 21. Re1 Nf6 22. Nxf6 Bxf6 23. Be4 Qg4 24. Bxg2 Bh4 25. Qxe5 Bd7 26. Bd4 Bc6 27. Re4 Bxe4 28. Qxe4 Qd1+ 29. Bf1 Bf6 30. Be3 Qd7 31. Bd3 g6 32. Kf1 Qh3+ 33. Ke2 Qxh2 34. Qxb7 Qh5+ 35. Kd2 Qe5 36. Qe4 Qc3+ 37. Ke2 Bg7 38. b5 Qf6 39. b6 Qf7 40. c6 Re8 41. Qc4 Bh6 42. Qxf7 1-0

[Event "December 12 Late 2023"]
[Site "https://www.chess.com"]
[Date "2023.12.12"]
[Round "2"]
[White "Dragomirescu, Robin-Alexandru"]
[Black "Melkumyan, Hrant"]
[Result "0-1"]
[Board "31"]
[TimeControl "180+1"]
[WhiteFideId "1213849"]
[BlackFideId "13302485"]
[WhiteElo "2555"]
[BlackElo "2898"]
[WhiteTeam "ROU"]
[BlackTeam "ARM"]
[WhiteClock "0:00:03"]
[BlackClock "0:00:04"]

1. b3 d5 2. Bb2 Bg4 3. g3 Nd7 4. Bg2 c6 5. c4 e6 6. Nf3 Ngf6 7. h3 Bxf3 8. Bxf3 Bd6 9. d3 Qa5+ 10. Nd2 Be5 11. Qc2 Bxb2 12. Qxb2 Qc7 13. b4 Qe5 14. Qxe5 Nxe5 15. cxd5 cxd5 16. Rc1 Kd7 17. O-O Rhc8 18. Kg2 Ne8 19. Nb3 b6 20. Nd4 Nd6 21. g4 Nc6 22. Nxc6 Rxc6 23. Rxc6 Kxc6 24. a4 a5 25. Rc1+ Kd7 26. b5 Rc8 27. Rxc8 Kxc8 28. e3 Nb7 29. d4 Nd6 30. Be2 g5 31. Bd3 h6 32. Kf3 Kd7 33. Ke2 Ke7 34. f3 f5 35. Kf2 f4 36. exf4 gxf4 37. h4 Kf6 38. Ke2 e5 39. dxe5+ Kxe5 40. g5 hxg5 41. hxg5 Nb7 42. g6 Kf6 43. Kd2 Nc5 44. Kc3 Nxa4+ 45. Kd4 Nc5 46. Bb1 Nb3+ 47. Kxd5 Nd2 48. Ba2 Nxf3 49. Ke4 Nh4 50. Kxf4 Nxg6+ 51. Ke4 Ne7 52. Kd4 Kf5 53. Bc4 Kf4 54. Bd3 Kf3 55. Ke5 Ke3 56. Bc4 Kd2 57. Kd6 Kc3 58. Bf7 Kb4 59. Kxe7 Kxb5 60. Kd6 a4 61. Kd5 Kb4 62. Kd4 b5 63. Kd3 Ka3 64. Kc2 b4 65. Be8 b3+ 66. Kc3 Ka2 67. Bf7 Ka3 68. Bg8 Ka2 69. Bf7 Ka3 70. Bg8 b2 71. Bh7 Ka2 72. Bg8+ Ka1 73. Bh7 a3 0-1

[Event "December 12 Late 2023"]
[Site "https://www.chess.com"]
[Date "2023.12.12"]
[Round "2"]
[White "Indjic, Aleksandar"]
[Black "Keleberda, Tymur"]
[Result "1-0"]
[Board "32"]
[TimeControl "180+1"]
[WhiteFideId "911925"]
[BlackFideId "14174294"]
[WhiteElo "2897"]
[BlackElo "2548"]
[WhiteTeam "SRB"]
[BlackTeam "CAN"]
[WhiteClock "0:01:35"]
[BlackClock "0:00:11"]

1. b3 e5 2. Bb2 Nc6 3. e3 Nf6 4. Nf3 Bd6 5. c4 Qe7 6. Nc3 a6 7. a3 b6 8. Be2 e4 9. Nh4 Qe6 10. d4 exd3 11. Bxd3 Ne5 12. Nf5 O-O 13. O-O Nxd3 14. Qxd3 Be5 15. e4 Ng4 16. f4 Bf6 17. e5 Bd8 18. h3 Nh6 19. Nxh6+ Qxh6 20. Nd5 Bb7 21. f5 Qh4 22. Rf4 Qh6 23. Raf1 Rc8 24. Rg4 Bg5 25. Qg3 Bd2 26. Nf6+ Kh8 27. Rh4 gxf6 28. Rxh6 Bxh6 29. e6 Rg8 30. Bxf6+ Bg7 31. Qg5 d6 32. g4 fxe6 33. fxe6 Be4 34. e7 Rce8 35. Bxg7+ Rxg7 36. Rf8+ Rg8 37. Qxg8# 1-0

[Event "December 12 Late 2023"]
[Site "https://www.chess.com"]
[Date "2023.12.12"]
[Round "2"]
[White "Rodrigue-Lemieux, Shawn"]
[Black "Przybylski, Wojciech"]
[Result "0-1"]
[Board "33"]
[TimeControl "180+1"]
[WhiteFideId "2620049"]
[BlackFideId "1117599"]
[WhiteElo "2896"]
[BlackElo "2546"]
[WhiteTeam "CAN"]
[BlackTeam "POL"]
[WhiteClock "0:00:00"]
[BlackClock "0:00:03"]

1. d4 Nf6 2. Bg5 e6 3. e4 h6 4. Bxf6 Qxf6 5. Nf3 d6 6. Nc3 g5 7. e5 Qd8 8. Bb5+ c6 9. Bd3 dxe5 10. Nxe5 Nd7 11. Qh5 Nxe5 12. dxe5 Bg7 13. O-O-O Bxe5 14. Ne4 Bd7 15. Nc5 Qb6 16. Nxd7 Bxb2+ 17. Kb1 Qb4 18. Bc4 Bc3+ 19. Bb3 Qa3 20. Nf6+ Bxf6 21. c3 Bxc3 22. Qe2 a5 23. Qc2 Bf6 24. Rd3 Qb4 25. a3 Qb6 26. Ka2 a4 27. Bc4 O-O 28. Rb1 Qa5 29. Rd7 Rad8 30. Rdxb7 Rd2 31. Rc1 Rxc2+ 32. Rxc2 Qe5 33. Rb1 Rd8 34. g3 Kg7 35. Rg1 Rd4 36. f4 Qe4 37. Rgc1 Qe3 38. Rc3 Qe4 39. R3c2 c5 40. fxg5 hxg5 41. h4 g4 42. h5 Qe5 43. h6+ Kxh6 44. Rh2+ Kg7 45. Re2 Qf5 46. Rec2 Qe5 47. Re2 Qxg3 48. Rec2 Qf3 49. Kb1 Qe4 50. Ka2 Rxc4 51. Rxc4 Qe2+ 52. R1c2 Qd1 53. Rc1 Qd5 54. Kb1 g3 55. Rg4+ Kf8 56. Rxg3 Qf5+ 57. Rc2 Qf1+ 58. Rc1 Qe2 59. Rc2 Qe5 0-1

[Event "December 12 Late 2023"]
[Site "https://www.chess.com"]
[Date "2023.12.12"]
[Round "2"]
[White "Estrada Nieto, Julian"]
[Black "Demchenko, Anton"]
[Result "1/2-1/2"]
[Board "34"]
[TimeControl "180+1"]
[WhiteFideId "5101018"]
[BlackFideId "4160258"]
[WhiteElo "2540"]
[BlackElo "2890"]
[WhiteTeam "ESP"]
[BlackTeam "SLO"]
[WhiteClock "0:00:07"]
[BlackClock "0:00:02"]

1. e4 e5 2. Nf3 Nc6 3. Bb5 a6 4. Ba4 d6 5. Bxc6+ bxc6 6. d4 f6 7. Nc3 Ne7 8. Be3 Be6 9. Qe2 Ng6 10. O-O-O Be7 11. h4 h5 12. dxe5 fxe5 13. Ng5 Bxg5 14. Bxg5 Qb8 15. g3 Qb4 16. Rdf1 Bc4 17. Qd1 Rb8 18. Re1 Qxb2+ 19. Kd2 Qb6 20. Be3 Qa5 21. Qf3 Be6 22. Rb1 Rd8 23. Bg5 Rc8 24. Rb7 Kd7 25. Qd3 Rb8 26. Rhb1 Rxb7 27. Rxb7 Qc5 28. Be3 Qc4 29. f4 exf4 30. Bxf4 Qxd3+ 31. cxd3 Rf8 32. Ke3 c5 33. Ra7 Rb8 34. Rxa6 Rb2 35. a4 Nxf4 36. gxf4 Rh2 37. f5 Bf7 38. Nb5 Rh3+ 39. Kd2 c4 40. d4 c3+ 41. Nxc3 Rxh4 42. Ra7 Bc4 43. a5 Rh2+ 44. Ke3 Rh3+ 45. Kd2 h4 46. Ra8 Rd3+ 47. Kc2 Rxd4 48. Rh8 Bd3+ 49. Kd2 Ba6+ 50. Kc2 Bd3+ 51. Kb3 Bxe4 52. Nxe4 Rxe4 53. a6 Re3+ 54. Kb4 c5+ 55. Kb5 Rb3+ 56. Ka5 Rb1 57. a7 Ra1+ 58. Kb6 c4 59. a8=Q Rxa8 60. Rxa8 Ke7 61. Kb5 d5 62. Kc5 Kf6 63. Kxd5 Kxf5 64. Kxc4 Kg4 65. Rh8 h3 66. Kd3 Kg3 67. Ke2 Kg2 68. Rh5 h2 69. Rg5+ Kh1 70. Rh5 g5 71. Rxg5 1/2-1/2